PAAA
BANGOR TRIDENT BASE OGRES @ ROYSE CITY TARGARYENS
08/24/2023
 
TOP OF THE 1ST
Bangor Trident Base Ogres batting - Pitching for Royse City Targaryens : RHP Edward Whipp
Pitching: RHP Edward Whipp
Batting: SHB Juan Ortega 0-0: Ball
1-0: Foul Ball, location: 2F
1-1: Ball
2-1: Swinging Strike
2-2: Strikes out swinging
Batting: RHB Johnny Foster 0-0: Called Strike
0-1: Called Strike
Single, Error in OF, E9, batter to second base
Batting: RHB Tom Baker 0-0: Ball
1-0: Called Strike
1-1: SINGLE (Line Drive, 7S)
Johnny Foster to third
Batting: LHB Luis Costello 0-0: Swinging Strike
0-1: 3-RUN HOME RUN (Line Drive, 9LD), Distance : 347 ft
Batting: RHB Augusto Rocha 0-0: Ball
1-0: Called Strike
1-1: Ball
2-1: Foul Ball, location: 2F
2-2: Ball
3-2: SINGLE (Line Drive, 56D)
Batting: RHB Hubert Dodson 0-0: Grounds into double play, 5-4-3 (Groundball, 5L)
Top of the 1st over - 3 run(s), 4 hit(s), 1 error(s), 0 left on base; Bangor Trident Base 3 - Royse City 0
BOTTOM OF THE 1ST
Royse City Targaryens batting - Pitching for Bangor Trident Base Ogres : RHP Manuel Delgado
Pitching: RHP Manuel Delgado
Batting: LHB Eduardo Álvarez 0-0: Ball
1-0: SINGLE (Line Drive, 4)
Batting: RHB Héctor Ruíz 0-0: Ball
1-0: Foul Ball, location: 2F
1-1: Ball
2-1: Swinging Strike
2-2: Foul Ball, location: 2F
2-2: Ball
3-2: Fly out, F9 (Flyball, 9M)
Batting: LHB Sébastien Rolland 0-0: Ball
1-0: SINGLE (Groundball, 4M)
Eduardo Álvarez to second
Runner from 2nd tries for 3rd, SAFE, throw made to third
Batting: LHB Jorge Garza 0-0: Called Strike
0-1: Grounds into double play, 4-6-3 (Groundball, 4)
Bottom of the 1st over - 0 run(s), 2 hit(s), 0 error(s), 1 left on base; Bangor Trident Base 3 - Royse City 0
TOP OF THE 2ND
Bangor Trident Base Ogres batting - Pitching for Royse City Targaryens : RHP Edward Whipp
Batting: RHB Sang-yeon Kim 0-0: Called Strike
0-1: Ball
1-1: Swinging Strike
1-2: Ball
2-2: Foul Ball, location: 2F
2-2: Ground out 4-3 (Groundball, 4)
Batting: RHB Luis Hernández 0-0: Ball
1-0: Ground out 6-3 (Groundball, 6D)
Batting: RHB Gerardo Castillo 0-0: Fly out, F8 (Flyball, 8LM)
Top of the 2nd over - 0 run(s), 0 hit(s), 0 error(s), 0 left on base; Bangor Trident Base 3 - Royse City 0
BOTTOM OF THE 2ND
Royse City Targaryens batting - Pitching for Bangor Trident Base Ogres : RHP Manuel Delgado
Batting: LHB José Tamayo 0-0: Ball
1-0: SINGLE (Line Drive, 34)
Batting: LHB Carl Duncan 0-0: Ball
1-0: SINGLE (Line Drive, 4MD)
José Tamayo to second
Batting: RHB Jason Mann 0-0: Called Strike
0-1: Called Strike
0-2: Ball
1-2: Foul Ball, location: 2F
1-2: Ball
2-2: Foul Ball, location: 2F
2-2: Strikes out looking
Batting: LHB Aurelio Aurillo 0-0: Swinging Strike
0-1: Called Strike
0-2: Foul Ball, location: 2F
0-2: Ball
1-2: Ball
2-2: Fly out, F8 (Flyball, 8LXD)
Runner from 2nd tags up, SAFE at 3rd, no throw
Batting: RHB Sancho Balderas 0-0: Ball
1-0: Called Strike
1-1: Ball
2-1: Ball
3-1: SINGLE (Groundball, 34)
José Tamayo scores
Carl Duncan to second
Runner from 2nd tries for 3rd, SAFE, throw made to third
Batting: LHB Eduardo Álvarez 0-0: Foul Ball, location: 2F
0-1: Ball
1-1: Ball
2-1: Foul Ball, location: 2F
2-2: Fielders Choice at 2nd, U6 (Groundball, 6M)
Bottom of the 2nd over - 1 run(s), 3 hit(s), 0 error(s), 2 left on base; Bangor Trident Base 3 - Royse City 1
TOP OF THE 3RD
Bangor Trident Base Ogres batting - Pitching for Royse City Targaryens : RHP Edward Whipp
Batting: SHB Juan Ortega 0-0: Ball
1-0: Foul Ball, location: 2F
1-1: Foul Ball, location: 2F
1-2: Ball
2-2: Foul Ball, location: 2F
2-2: Foul Ball, location: 2F
2-2: Ball
3-2: Ground out 6-3 (Groundball, 6)
Batting: RHB Johnny Foster 0-0: Ball
1-0: Foul Ball, location: 2F
1-1: Ball
2-1: Foul Ball, location: 2F
2-2: SINGLE (Groundball, 6MD)
Batting: RHB Tom Baker 0-0: Ball
1-0: Called Strike
1-1: Foul Ball, location: 2F
1-2: Ball
2-2: Fly out, F9 (Flyball, 9LM)
Batting: LHB Luis Costello 0-0: Ball
1-0: Called Strike
1-1: Hit by Pitch
Johnny Foster to second
Batting: RHB Augusto Rocha 0-0: Ball
1-0: Fly out, F4 (Line Drive, 4)
Top of the 3rd over - 0 run(s), 1 hit(s), 0 error(s), 2 left on base; Bangor Trident Base 3 - Royse City 1
BOTTOM OF THE 3RD
Royse City Targaryens batting - Pitching for Bangor Trident Base Ogres : RHP Manuel Delgado
Batting: RHB Héctor Ruíz 0-0: Ball
1-0: Ball
2-0: SINGLE (Line Drive, 4MD)
Batting: LHB Sébastien Rolland 0-0: Ball
1-0: Ball
2-0: Ball
3-0: Called Strike
3-1: Foul Ball, location: 2F
3-2: Foul Ball, location: 2F
3-2: Strikes out swinging
Batting: LHB Jorge Garza 0-0: DOUBLE (Line Drive, 8LM)
Héctor Ruíz to third
Batting: LHB José Tamayo 0-0: Ground out 3-1 (Groundball, 34)
Héctor Ruíz scores
Jorge Garza to third
Batting: LHB Carl Duncan 0-0: Called Strike
0-1: Ball
1-1: Called Strike
1-2: Foul Ball, location: 2F
1-2: Strikes out looking
Bottom of the 3rd over - 1 run(s), 2 hit(s), 0 error(s), 1 left on base; Bangor Trident Base 3 - Royse City 2
TOP OF THE 4TH
Bangor Trident Base Ogres batting - Pitching for Royse City Targaryens : RHP Edward Whipp
Batting: RHB Hubert Dodson 0-0: Called Strike
0-1: Ball
1-1: Foul Ball, location: 2F
1-2: Ball
2-2: Foul Ball, location: 2F
2-2: Ground out 1-3 (Groundball, 13)
Batting: RHB Sang-yeon Kim 0-0: Foul Ball, location: 2F
0-1: Foul Ball, location: 2F
0-2: Strikes out looking
Batting: RHB Luis Hernández 0-0: Foul Ball, location: 2F
0-1: Ball
1-1: Fly out, F7 (Flyball, 7M)
Top of the 4th over - 0 run(s), 0 hit(s), 0 error(s), 0 left on base; Bangor Trident Base 3 - Royse City 2
BOTTOM OF THE 4TH
Royse City Targaryens batting - Pitching for Bangor Trident Base Ogres : RHP Manuel Delgado
Batting: RHB Jason Mann 0-0: Ball
1-0: Called Strike
1-1: Ball
2-1: DOUBLE (Flyball, 89M)
Batting: LHB Aurelio Aurillo 0-0: Ball
1-0: Ball
2-0: Called Strike
2-1: Ball
3-1: Base on Balls
Batting: RHB Sancho Balderas 0-0: Ball
1-0: Fly out, F8 (Flyball, 89M)
Batting: LHB Eduardo Álvarez 0-0: Ball
1-0: Swinging Strike
1-1: Ground out 3-1 (Groundball, 34)
Jason Mann to third
Aurelio Aurillo to second
Batting: RHB Héctor Ruíz 0-0: Ball
1-0: DOUBLE (Line Drive, 9LS)
Jason Mann scores
Aurelio Aurillo scores
Batting: LHB Sébastien Rolland 0-0: Ball
1-0: Ground out 4-3 (Groundball, 4)
Bottom of the 4th over - 2 run(s), 2 hit(s), 0 error(s), 1 left on base; Bangor Trident Base 3 - Royse City 4
TOP OF THE 5TH
Bangor Trident Base Ogres batting - Pitching for Royse City Targaryens : RHP Edward Whipp
Batting: RHB Gerardo Castillo 0-0: Ground out 4-3 (Groundball, 4)
Batting: SHB Juan Ortega 0-0: Ball
1-0: Called Strike
1-1: TRIPLE (Flyball, 89M)
Batting: RHB Johnny Foster 0-0: Called Strike
0-1: Ball
1-1: Called Strike
1-2: Strikes out swinging
Batting: RHB Tom Baker 0-0: Ground out 2-3 (Groundball, 2L)
Top of the 5th over - 0 run(s), 1 hit(s), 0 error(s), 1 left on base; Bangor Trident Base 3 - Royse City 4
BOTTOM OF THE 5TH
Royse City Targaryens batting - Pitching for Bangor Trident Base Ogres : RHP Manuel Delgado
Batting: LHB Jorge Garza 0-0: Foul Ball, location: 2F
0-1: Ground out 4-3 (Groundball, 4)
Batting: LHB José Tamayo 0-0: Swinging Strike
0-1: Ball
1-1: SINGLE (Line Drive, 56)
Batting: LHB Carl Duncan 0-0: Called Strike
0-1: Swinging Strike
0-2: Foul Ball, location: 2F
0-2: Fielders Choice at 2nd, 3-6 (Groundball, 3)
Batting: RHB Jason Mann 0-0: Called Strike
0-1: Called Strike
0-2: Ball
1-2: Ball
2-2: Ball
3-2: Ground out 6-3 (Groundball, 56)
Bottom of the 5th over - 0 run(s), 1 hit(s), 0 error(s), 1 left on base; Bangor Trident Base 3 - Royse City 4
TOP OF THE 6TH
Bangor Trident Base Ogres batting - Pitching for Royse City Targaryens : RHP Edward Whipp
Batting: LHB Luis Costello 0-0: Ball
1-0: Swinging Strike
1-1: Ball
2-1: Swinging Strike
2-2: Strikes out swinging
Batting: RHB Augusto Rocha 0-0: Called Strike
0-1: Ground out 4-3 (Groundball, 4M)
Batting: RHB Hubert Dodson 0-0: Ball
1-0: Called Strike
1-1: SINGLE (Groundball, 56D)
Pitching: RHP Bo Tubbs
Batting: RHB Sang-yeon Kim 0-0: Ball
1-0: Fielders Choice at 2nd, U6 (Groundball, 6M)
Top of the 6th over - 0 run(s), 1 hit(s), 0 error(s), 1 left on base; Bangor Trident Base 3 - Royse City 4
BOTTOM OF THE 6TH
Royse City Targaryens batting - Pitching for Bangor Trident Base Ogres : RHP Manuel Delgado
Batting: LHB Aurelio Aurillo 0-0: Ball
1-0: Foul Ball, location: 2F
1-1: Ball
2-1: SINGLE (Groundball, 56)
Batting: RHB Sancho Balderas 0-0: Sac Bunt - play at first, batter OUT! 1-3
Aurelio Aurillo to second
Batting: LHB Eduardo Álvarez 0-0: Intentional Walk
Batting: RHB Héctor Ruíz 0-0: Called Strike
0-1: Ball
1-1: Foul Ball, location: 2F
1-2: Fielders Choice at 2nd, 1-4 (Groundball, 23)
Aurelio Aurillo to third
Batting: LHB Sébastien Rolland 0-0: Called Strike
0-1: Ball
1-1: Ball
2-1: Ground out U3 (Groundball, 3)
Bottom of the 6th over - 0 run(s), 1 hit(s), 0 error(s), 2 left on base; Bangor Trident Base 3 - Royse City 4
TOP OF THE 7TH
Bangor Trident Base Ogres batting - Pitching for Royse City Targaryens : RHP Bo Tubbs
Batting: RHB Luis Hernández 0-0: Ball
1-0: Foul Ball, location: 2F
1-1: Called Strike
1-2: Strikes out swinging
Batting: RHB Gerardo Castillo 0-0: DOUBLE (Line Drive, 5D)
Batting: SHB Juan Ortega 0-0: Foul Ball, location: 2F
0-1: Swinging Strike
0-2: Strikes out looking
Batting: RHB Johnny Foster 0-0: Called Strike
0-1: Ball
1-1: Ball
2-1: Ball
3-1: Foul Ball, location: 2F
3-2: Foul Ball, location: 2F
3-2: Foul Ball, location: 2F
3-2: Ground out 5-3 (Groundball, 5S)
Top of the 7th over - 0 run(s), 1 hit(s), 0 error(s), 1 left on base; Bangor Trident Base 3 - Royse City 4
BOTTOM OF THE 7TH
Royse City Targaryens batting - Pitching for Bangor Trident Base Ogres : RHP Manuel Delgado
Batting: LHB Jorge Garza 0-0: Called Strike
0-1: Fly out, F7 (Flyball, 78D)
Batting: LHB José Tamayo 0-0: Ball
1-0: DOUBLE (Line Drive, 3D)
Pinch Hitting: LHB Carlos Álvarez 0-0: Intentional Walk
Pinch Hitting: LHB Shang-de Zhang 0-0: Ball
1-0: Swinging Strike
1-1: Ball
2-1: Grounds into double play, 1-6-3 (Groundball, 25)
Bottom of the 7th over - 0 run(s), 1 hit(s), 0 error(s), 1 left on base; Bangor Trident Base 3 - Royse City 4
TOP OF THE 8TH
Bangor Trident Base Ogres batting - Pitching for Royse City Targaryens : RHP Bo Tubbs
Pitching: RHP John Hicks
Now at C: Carlos Pacheco
Now at 1B: Chae-hyeong Kim
Now at 3B: Shang-de Zhang
Batting: RHB Tom Baker 0-0: Ball
1-0: Ground out 5-3 (Groundball, 5L)
Pitching: LHP Roberto Aguirre
Batting: LHB Luis Costello 0-0: Ball
1-0: Ball
2-0: Ball
3-0: Called Strike
3-1: Swinging Strike
3-2: Strikes out swinging
Pitching: RHP Juan Hernández
Batting: RHB Augusto Rocha 0-0: Swinging Strike
0-1: Called Strike
0-2: Ball
1-2: Fly out, F8 (Flyball, 8LS)
Top of the 8th over - 0 run(s), 0 hit(s), 0 error(s), 0 left on base; Bangor Trident Base 3 - Royse City 4
BOTTOM OF THE 8TH
Royse City Targaryens batting - Pitching for Bangor Trident Base Ogres : RHP Manuel Delgado
Pitching: RHP Mike Farrell
Batting: LHB Aurelio Aurillo 0-0: Ball
1-0: Called Strike
1-1: Ball
2-1: Called Strike
2-2: SINGLE (Line Drive, 9S)
Batting: RHB Sancho Balderas 0-0: Bunted foul
0-1: Bunted foul
0-2: Ball
1-2: Ball
2-2: Ball
3-2: Base on Balls
Aurelio Aurillo to second
Batting: LHB Eduardo Álvarez 0-0: Ball
1-0: Foul Ball, location: 2F
1-1: Swinging Strike
1-2: Foul Ball, location: 2F
1-2: SINGLE (Groundball, 34D)
Aurelio Aurillo to third
Sancho Balderas to second
Pinch Hitting: RHB Javier Chávez 0-0: Grounds into fielders choice 5-2 (Groundball, 5)
Sancho Balderas to third
Eduardo Álvarez to second
Batting: LHB Sébastien Rolland 0-0: Ball
1-0: Foul Ball, location: 2F
1-1: Swinging Strike
1-2: Foul Ball, location: 2F
1-2: Strikes out swinging
Batting: RHB Carlos Pacheco 0-0: Ball
1-0: Ball
2-0: Called Strike
2-1: Ball
3-1: SINGLE (Line Drive, 4M)
Sancho Balderas scores
Eduardo Álvarez to third
Javier Chávez to second
Runner from 3rd tries for Home, SAFE, no throw or cutoff
Batting: LHB José Tamayo 0-0: Called Strike
0-1: Ball
1-1: Ball
2-1: Foul Ball, location: 2F
2-2: Strikes out swinging
Bottom of the 8th over - 2 run(s), 3 hit(s), 0 error(s), 2 left on base; Bangor Trident Base 3 - Royse City 6
TOP OF THE 9TH
Bangor Trident Base Ogres batting - Pitching for Royse City Targaryens : RHP Juan Hernández
Pitching: RHP Mark Sinclair
Now in CF: Florian Cesaresco
Batting: RHB Hubert Dodson 0-0: Foul Ball, location: 2F
0-1: Ball
1-1: Ball
2-1: Foul Ball, location: 2F
2-2: Ball
3-2: Strikes out looking
Batting: RHB Sang-yeon Kim 0-0: Ball
1-0: SINGLE (Line Drive, 6MD)
Batting: RHB Luis Hernández 0-0: Ball
1-0: Ball
2-0: Called Strike
2-1: Called Strike
2-2: Ball
3-2: Foul Ball, location: 2F
3-2: Base on Balls
Sang-yeon Kim to second
Pinch Hitting: RHB Ken Fulton 0-0: Called Strike
0-1: Ball
1-1: Ball
2-1: Foul Ball, location: 2F
2-2: Strikes out swinging
Batting: SHB Juan Ortega 0-0: Ball
1-0: Called Strike
1-1: Ball
2-1: Fielders Choice at 2nd, U6 (Groundball, 6M)
Top of the 9th over - 0 run(s), 1 hit(s), 0 error(s), 2 left on base; Bangor Trident Base 3 - Royse City 6
This league is powered by Out of the Park Baseball, the baseball management simulation game for PC, Mac and Linux
Friday, July 8th, 2016 - OOTP Baseball 16.9 Build 39